 Dungeon Crawl Stone Soup version 0.24.0-123-gd5b16e6ec5 (webtiles) character file.

Game seed: 787050400314414306, levelgen mode: deterministic

7749 Bluestream the Geomancer (level 11, -10/54 HPs)
             Began as a Gargoyle Earth Elementalist on Feb 2, 2020.
             Was a Priest of Vehumet.
             Killed from afar by a gargoyle (18 damage)
             ... with a stone arrow
             ... on level 9 of the Dungeon.
             The game lasted 00:41:04 (10617 turns).

Bluestream the Geomancer (GrEE)                    Turns: 10617, Time: 00:41:04

Health: -10/54     AC: 13    Str:  8    XL:     11   Next: 20%
Magic:  17/24      EV: 12    Int: 23    God:    Vehumet [***...]
Gold:   393        SH:  0    Dex: 12    Spells: 19/28 levels left

rFire    . . .     SeeInvis +   G - +2 mace (crush)
rCold    . . .     Gourm    .   (no shield)
rNeg     + . .     Faith    .   c - +0 robe
rPois    ∞         Spirit   .   s - +0 helmet
rElec    +         Reflect  .   (no cloak)
rCorr    .         Harm     .   A - +1 pair of gloves
MR       .....                  (no boots)
Stlth    ++........             H - amulet "Laahikk" {RegenMP Slay+3}
HPRegen  0.18/turn              l - ring of see invisible
MPRegen  0.44/turn              D - ring "Teilo" {+Fly Str-5 Int+5 Dex+2}

@: no status effects
A: negative energy resistance 1, electricity resistance, unbreathing,
petrification resistance, rot immunity, AC +8
a: Renounce Religion, Evoke Flight


You were on level 9 of the Dungeon.
You worshipped Vehumet.
Vehumet was most pleased with you.
You were not hungry.

You visited 2 branches of the dungeon, and saw 10 of its levels.

You collected 393 gold pieces.

Inventory:

Hand Weapons
 E - a +1 whip of venom
 G - a +2 mace of crushing (weapon)
Missiles
 b - 136 stones (quivered)
Armour
 c - a +0 robe (worn)
 s - a +0 helmet (worn)
 A - a +1 pair of gloves (worn)
Jewellery
 k - an uncursed ring of fire
 l - a ring of see invisible (left hand)
 r - an uncursed ring of protection from cold
 B - an uncursed amulet of the acrobat
 D - the ring "Teilo" (right hand) {+Fly Str-5 Int+5 Dex+2}
   (You took it off a deep elf mage on level 9 of the Dungeon)

   [ring of flight]

   It affects your strength (-5).
   It affects your intelligence (+5).
   It affects your dexterity (+2).
   It lets you fly.
 H - the amulet "Laahikk" (around neck) {RegenMP Slay+3}
   (You took it off a kobold on level 9 of the Dungeon)

   [amulet of magic regeneration]

   It increases your magic regeneration.
   It affects your accuracy and damage with ranged weapons and melee attacks
   (+3).
Wands
 t - a wand of enslavement (2)
 y - a wand of iceblast (13)
Scrolls
 a - a scroll of identify
 f - 6 scrolls of teleportation
 g - 4 scrolls of magic mapping
 i - a scroll of blinking {unknown}
 m - a scroll of random uselessness {unknown}
 n - a scroll of amnesia {unknown}
 o - 2 scrolls of enchant armour
 u - 9 scrolls of remove curse
 v - a scroll of enchant weapon
 w - a scroll of fog {unknown}
 x - a scroll of noise
 C - 2 scrolls of summoning {unknown}
 F - a scroll of vulnerability {unknown}
Potions
 e - 4 potions of curing
 h - 3 potions of heal wounds
 j - a potion of might
 p - a potion of ambrosia
 q - a potion of degeneration
 z - a potion of mutation
Comestibles
 d - 14 rations


   Skills:
 - Level 1.5 Dodging
 - Level 2.1 Stealth
 + Level 9.4 Spellcasting
 + Level 10.2 Conjurations
   Level 0.7 Transmutations
 + Level 12.2 Earth Magic


You had 19 spell levels left.
You knew the following spells:

 Your Spells              Type           Power        Failure   Level  Hunger
a - Sandblast             Erth           ######       1%          1    None
b - Stone Arrow           Conj/Erth      ######       1%          3    None
c - Lee's Rapid Deconstr  Erth           ######....   1%          5    ####...

Your spell library contained the following spells:

 Spells                   Type           Power        Failure   Level  Hunger
 Inner Flame              Hex/Fire       ##......     5%          3    None
 Passwall                 Tmut/Erth      #####...     1%          2    None
 Petrify                  Tmut/Erth      #####...     4%          4    ##.....


Dungeon Overview and Level Annotations

Branches:
Dungeon (9/15)             Temple (1/1) D:5
   Lair: D:8-11         Orc: D:9-12

Altars:
Ashenzari
Cheibriados
Dithmenos
Fedhas
Gozag
Hepliaklqana
Kikubaaqudgha
Makhleb
Nemelex Xobeh
Okawaru
Qazlal
Ru
Sif Muna
Trog
Uskayaw
Vehumet
Wu Jian
Xom
Yredelemnul

Shops:
D:4 :=


Innate Abilities, Weirdness & Mutations

You are resistant to torment.
Your stone body is resilient. (AC +8)
You are immune to poison.
You resist negative energy. (rN+)
You are resistant to electric shocks. (rElec)
You can survive without breathing.
You are immune to petrification.
You are immune to rotting.


Message History

Aim: a gargoyle, wielding a +0 mace The blast of sand hits the gargoyle!
The gargoyle is moderately damaged.
b - 136 stones The gargoyle hurls a stone arrow at you.
The stone arrow hits you!
Casting: Sandblast (safe; 1% risk of failure)
Confirm with . or Enter, or press ? or * to list all spells.
Aiming: Stone Arrow (safe; 1% risk of failure)
Press: ? - help, Shift-Dir - straight line, f/p - gargoyle
Aim: a gargoyle, wielding a +0 mace (moderately damaged)
The stone arrow hits the gargoyle.
The gargoyle is heavily damaged.
The gargoyle hurls a stone arrow at you.
The stone arrow hits you!!
* * * LOW HITPOINT WARNING * * *
Okay, then.
The gargoyle hurls a stone arrow at you.
The stone arrow hits you!!
You die...

#..... #.| #### #...###..
# # ....##8##..... .#.
#...#.###.# ##)## #.....#
#.# .5. #.##.##.##.# #9#
#.# ###..
.#####(#########.#####..
#.......@...##........#..
#####.......#......##.#..
#.(###..#.##...#..#.. #..
##.#..##}##..#.. #..
#......#....... #..
#.#....##...#.. #..
#.##....#...#..
#.###...#..##.. #.#
##....###..


You could see a gargoyle and a crimson imp.

Vanquished Creatures
  A centaur warrior (D:9)
  A two-headed ogre (D:8)
  A skeletal warrior (D:9)
  3 deep elf magi (D:9)
  A hornet (D:8)
  A hippogriff (D:9)
  Sigmund (D:3)
  Menkaure (D:4)
  2 soldier ants (D:8)
  An orc warrior (D:8)
  2 ice beasts (D:5)
  4 sky beasts
  2 centaurs
  4 ogres
  2 necrophages
  Blork the orc (D:4)
  A big kobold (D:9)
  5 bullfrogs
  2 scorpions
  4 wights (D:6)
  12 killer bees
  2 crimson imps
  2 hounds
  8 orc priests
  8 orc wizards
  A centaur skeleton (D:7)
  Jessica (D:3)
  4 bullfrog skeletons
  2 iguanas
  4 worker ants
  2 hound skeletons
  5 gnolls
  10 adders
  2 shadow imps
  2 oozes
  An adder skeleton (D:7)
  An adder zombie (D:6)
  4 worms
  2 dart slugs
  3 leopard geckos
  40 orcs
  8 bats
  10 giant cockroaches
  4 goblins
  7 hobgoblins
  9 jackals
  2 quokkas
  A ball python (D:1)
  4 frilled lizards
  14 kobolds
  A quokka zombie (D:5)
  6 rats
222 creatures vanquished.

Notes
Turn   | Place    | Note
-------+----------+-------------------------------------------
     0 | D:1      | Bluestream the Gargoyle Earth Elementalist began the quest
                  | for the Orb.
     0 | D:1      | Reached XP level 1. HP: 10/10 MP: 3/3
   111 | D:1      | Reached XP level 2. HP: 15/15 MP: 1/5
   114 | D:1      | Reached skill level 4 in Earth Magic
   423 | D:1      | You fall into a shaft and drop 1 floor!
   605 | D:2      | Reached XP level 3. HP: 19/19 MP: 4/6
   774 | D:2      | Learned a level 3 spell: Stone Arrow
   962 | D:2      | Reached XP level 4. HP: 10/24 MP: 1/8
  1053 | D:2      | Reached skill level 5 in Earth Magic
  1342 | D:2      | Found a sacrificial altar of Ru.
  1459 | D:2      | Found a shimmering blue altar of Sif Muna.
  1685 | D:2      | Reached XP level 5. HP: 27/28 MP: 0/10
  2444 | D:3      | Reached skill level 1 in Conjurations
  2521 | D:3      | Noticed Sigmund
  2923 | D:3      | Killed Sigmund
  2923 | D:3      | Reached skill level 6 in Earth Magic
  2923 | D:3      | Reached XP level 6. HP: 12/32 MP: 2/12
  3087 | D:3      | Noticed Jessica
  3094 | D:3      | Killed Jessica
  3417 | D:3      | Found a snail-covered altar of Cheibriados.
  3909 | D:4      | Found a shattered altar of Ashenzari.
  3936 | D:4      | Noticed Menkaure
  3957 | D:4      | Killed Menkaure
  3957 | D:4      | Reached XP level 7. HP: 4/36 MP: 0/13
  4144 | D:4      | Found a shadowy altar of Dithmenos.
  4244 | D:4      | Noticed Blork the orc
  4264 | D:4      | Killed Blork the orc
  4370 | D:4      | Found Uquyfe's Jewellery Shop.
  4400 | D:4      | Reached skill level 5 in Spellcasting
  4400 | D:4      | Reached skill level 7 in Earth Magic
  4607 | D:4      | Found Kiusch's Book Boutique.
  4846 | D:5      | Entered Level 5 of the Dungeon
  4938 | D:5      | Reached XP level 8. HP: 41/41 MP: 1/15
  5209 | D:5      | Found a shimmering altar of Xom.
  5210 | D:5      | Found an ancient bone altar of Kikubaaqudgha.
  5372 | D:5      | Reached skill level 5 in Conjurations
  5464 | D:5      | Reached skill level 8 in Earth Magic
  5738 | D:5      | Found a staircase to the Ecumenical Temple.
  5743 | Temple   | Entered the Ecumenical Temple
  5824 | Temple   | Became a worshipper of Vehumet
  6173 | D:6      | Found an opulent altar of Gozag.
  6575 | D:6      | Reached XP level 9. HP: 45/45 MP: 13/18
  6604 | D:6      | Reached skill level 9 in Earth Magic
  6964 | D:6      | Reached * piety under Vehumet
  6964 | D:6      | Offered knowledge of Freeze by Vehumet.
  7798 | D:7      | Found a sand-covered staircase.
  8018 | D:7      | Reached skill level 10 in Earth Magic
  8020 | D:7      | Reached ** piety under Vehumet
  8119 | D:7      | Found an ornate altar of the Wu Jian Council.
  8248 | D:7      | Offered knowledge of Throw Frost by Vehumet.
  8398 | D:7      | Reached XP level 10. HP: 34/50 MP: 17/21
  8678 | D:7      | Found an iron altar of Okawaru.
  8988 | D:8      | Noticed a two-headed ogre
  8996 | D:8      | Killed a two-headed ogre
  9227 | D:8      | Reached skill level 11 in Earth Magic
  9259 | D:8      | Learned a level 5 spell: Lee's Rapid Deconstruction
  9282 | D:8      | Found a bloodstained altar of Trog.
  9821 | D:9      | Offered knowledge of Inner Flame by Vehumet.
  9949 | D:9      | Reached *** piety under Vehumet
  9965 | D:9      | Noticed a centaur warrior
 10043 | D:9      | Killed a centaur warrior
 10068 | D:9      | Noticed a deep elf mage
 10068 | D:9      | Noticed a gargoyle
 10069 | D:9      | Noticed a deep elf mage
 10088 | D:9      | Killed a deep elf mage
 10311 | D:9      | Noticed a deep elf mage
 10317 | D:9      | Identified the ring "Teilo" {+Fly Str-5 Int+5 Dex+2}
 10325 | D:9      | Killed a deep elf mage
 10325 | D:9      | Reached XP level 11. HP: 54/54 MP: 11/24
 10336 | D:9      | Killed a deep elf mage
 10336 | D:9      | Reached skill level 10 in Conjurations
 10336 | D:9      | Reached skill level 12 in Earth Magic
 10471 | D:9      | Noticed a skeletal warrior
 10489 | D:9      | Killed a skeletal warrior
 10555 | D:9      | Identified the amulet "Laahikk" {RegenMP Slay+3}
 10617 | D:9      | Killed from afar by a gargoyle

Levels and vault maps discovered:
D:1:      beargit_arrival_greenhouse, layout_basic, minmay_pentomino_o2
D:2:      layout_basic, lemuel_blue_sif_altar, old_standard_altar, wad_orctagon
D:3:      layout_loops_ring, lemuel_coloured_pillars_altar, uniq_sigmund,
          uniq_jessica
D:4:      layout_cave_pools, old_standard_altar, grunt_dithmenos_smoke,
          serial_shops, shop, shop, uniq_blork_the_orc, uniq_menkaure
D:5:      layout_basic, gammafunk_temple_overflow_pools,
          minmay_temple_entry_nine_rooms, first_ration
D:6:      layout_cave_pods, grunt_gozag_statues
D:7:      layout_gridville, nicolae_ossuary_entry_ruins, basic_altar,
          okawaru_ov_weapons_minmay
D:8:      layout_rooms, basic_altar, hangedman_pestilent_swarm
D:9:      minmay_the_grid_net [minmay_the_grid_odd_star,
          minmay_the_grid_large_cup, minmay_the_grid_holed_spiral,
          minmay_the_grid_tri_star, minmay_the_grid_square_x,
          minmay_the_grid_prize_trominoes], layout_long_grid,
          good_gods_mini_temple, nicolae_overflow_hidden_temple
Temple:   compressed_dpeg_circular_temple

Skill      XL: |  1  2  3  4  5  6  7  8  9 10 11 |
---------------+----------------------------------+-----
Earth Magic    | 4 5 6 7 8 10 11 12 | 12.2
Spellcasting   | 3 4 5 6 7 9 |  9.4
Conjurations   | 2 3 4 6 8 9 10 | 10.2
Dodging        | |  1.5
Stealth        | |  2.1
Transmutations | |  0.7

Action                   |  1- 3 |  4- 6 |  7- 9 | 10-12 || total
-------------------------+-------+-------+-------+-------++-------
Melee: Unarmed           |    32 |     3 |       |       ||    35
       Flail             |       |    37 |       |       ||    37
       Whip              |       |       |     4 |     4 ||     8
 Cast: Sandblast         |    38 |    71 |   136 |    42 ||   287
       Stone Arrow       |       |    21 |    59 |    42 ||   122
       Lee's Rapid Decon |       |       |       |    10 ||    10
  Use: Scroll            |       |       |     4 |     8 ||    12
  Eat: Chunk             |       |    10 |    13 |     3 ||    26
       Ration            |       |       |     1 |     2 ||     3
Armor: Robe              |    20 |    25 |    36 |    11 ||    92
Dodge: Dodged            |    38 |    56 |    61 |    32 ||   187
